 Dungeon Crawl Stone Soup version 0.27.1-33-g824d729ab1 (webtiles) character file.

Game seed: 5805170291561826854

129 zeram the Caller (level 4, -1/58 HPs)
             Began as a Troll Summoner on Dec 16, 2021.
             Slain by an orc (6 damage)
             ... on level 4 of the Dungeon.
             The game lasted 00:07:20 (2432 turns).

zeram the Caller (Troll Summoner)                   Turns: 2432, Time: 00:07:21

Health: -1/58      AC:  6    Str: 15 (16) XL:     4   Next: 88%
Magic:  4/4        EV: 10    Int: 10 (12) God:
Gold:   110        SH:  5    Dex:  8 (10) Spells: 2/5 levels left

rFire    . . .     SeeInvis .   h - +3 dagger (flame)
rCold    . . .     Faith    .   (no shield)
rNeg     . . .     Spirit   .   a - +1 robe
rPois    .         Reflect  +   (helmet restricted)
rElec    .         Harm     .   m - +0 cloak {rCorr}
rCorr    +         Rampage  .   (gloves unavailable)
Will     .....                  (boots unavailable)
Stlth    ..........             i - amulet of reflection
HPRegen  1.19/turn              (no ring)
MPRegen  0.09/turn              (no ring)

@: berserking, lethally poisoned (-1 -> -5), very quick
A: large, unfitting armour, claws 3, regeneration 1, shaggy fur 1, tough skin 1
a: no special abilities


You were on level 4 of the Dungeon.
You visited 1 branch of the dungeon, and saw 4 of its levels.

You collected 110 gold pieces.

Inventory:

Hand Weapons
 e - a +0 whip
 h - a +3 dagger of flaming (weapon)
 l - a +2 dagger of freezing
 n - a +1 dagger of venom
Missiles
 b - 114 stones
Armour
 a - a +1 robe (worn)
 d - a scarf of harm
 m - a +0 cloak of preservation (worn)
Jewellery
 i - an amulet of reflection (around neck)
 k - a ring of resist corrosion
Potions
 c - 2 potions of magic
 o - a potion of lignification {unknown}
 p - a potion of berserk rage


   Skills:
 - Level 0.1 Maces & Flails
 + Level 2.6 Dodging
 - Level 1.0 Stealth
 + Level 0.5 Shields
 - Level 1.2 Spellcasting
 + Level 4.1 Summonings


You had 2 spell levels left.
You knew the following spells:

 Your Spells              Type           Power      Damage    Failure   Level
a - Summon Small Mammal   Summ           32%        N/A       6%          1
b - Call Imp              Summ           8%         N/A       10%         2

Your spell library contained the following spells:

 Spells                   Type           Power      Damage    Failure   Level
 Ensorcelled Hibernation  Hex/Ice        0%         N/A       45%         2
 Call Canine Familiar     Summ           8%         N/A       19%         3
 Summon Guardian Golem    Hex/Summ       4%         N/A       41%         3
 Spider Form              Tmut/Pois      0%         N/A       71%         3
 Summon Lightning Spire   Summ/Air       4%         N/A       82%         4
 Shadow Creatures         Summ           N/A        N/A       100%        6


Dungeon Overview and Level Annotations

Branches:
Dungeon (4/15)
 Temple: D:4-7

Altars:
Elyvilon
Zin
The Shining One

Shops:
D:1 [


Innate Abilities, Weirdness & Mutations

You are too large for most types of armour.
You have claws for hands.
Your natural rate of healing is unusually fast.
You are covered in fur. (AC +1)
You have tough skin. (AC +1)


Message History

You feel much better.
You feel sick.
The centaur shoots an arrow.
The arrow hits you! The orc hits you but does no damage.
You are more poisoned.
The centaur shoots an arrow.
The arrow barely misses you.
You feel sick.
You feel sick.
The centaur shoots an arrow.
The arrow hits you!
* * * LOW HITPOINT WARNING * * *
You feel sick.
You feel sick.
You feel sick.
It was a potion of degeneration.
There was something very wrong with that liquid.
You feel weakened.
You feel dopey.
You feel clumsy.
You feel sick. The orc barely misses you.
It was a potion of curing.
You feel better.
The orc hits you with a +1 hand axe of venom.
You are poisoned.
The black bear bites you.
* * * LOW HITPOINT WARNING * * *
You block the black bear's attack. The black bear barely misses you.
It was a potion of berserk rage.
A red film seems to cover your vision as you go berserk!
You feel yourself moving faster!
You feel mighty!
You feel sick.
The orc hits you with a +1 hand axe of venom.
* * * LOW HITPOINT WARNING * * *
You are more poisoned.
The black bear bites you but does no damage.
The black bear claws you.
* * * LOW HITPOINT WARNING * * *
The black bear claws you but does no damage.
You barely miss the orc.
The orc is almost dead.
* * * LOW HITPOINT WARNING * * *
You feel very sick.
You closely miss the orc.
The orc is almost dead.
* * * LOW HITPOINT WARNING * * *
You feel sick.
The orc hits you with a +1 hand axe of venom.
You die...

#.............# ##.............
####............###..............
##..............................#
#............................####
.............................##
..#.........##................#
.###........###.c####.........# #
###)....## #ho# ##........###
##...## ##@## ##.......... ##..#
#..# #.......... #..# #..#
##......... ##.# ##.## ##........
#.# #..# #......### #.# ##.#
##....### #.# #.####...### ###
##........# ########.#


You could see a black bear, a centaur and an orc.

Vanquished Creatures
  An iguana (D:4)
  2 gnolls
  A worm (D:2)
  4 dart slugs
  An orc (D:4)
  7 ball pythons
  6 bats
  7 endoplasms
  9 goblins
  6 hobgoblins
  5 kobolds
  A quokka (D:1)
  5 frilled lizards
  6 rats
61 creatures vanquished.

Vanquished Creatures (collateral kills)
  A gnoll (D:3)
  An endoplasm (D:1)
  A hobgoblin (D:1)
3 creatures vanquished.

Grand Total: 64 creatures vanquished

Notes
Turn   | Place    | Note
-------+----------+-------------------------------------------
     0 | D:1      | zeram the Troll Summoner began the quest for the Orb.
     0 | D:1      | Reached XP level 1. HP: 16/16 MP: 1/1
    33 | D:1      | Reached skill level 3 in Summonings
    53 | D:1      | Reached XP level 2. HP: 24/24 MP: 2/2
   430 | D:1      | Reached XP level 3. HP: 30/31 MP: 1/3
   506 | D:1      | Found a faded altar of an unknown god.
   805 | D:1      | Found Adisuoqye's Antique Armour Shoppe.
   923 | D:2      | Learned a level 2 spell: Call Imp
  1409 | D:2      | Reached XP level 4. HP: 26/39 MP: 4/4
  1440 | D:3      | Reached skill level 4 in Summonings
  1712 | D:3      | Found a white marble altar of Elyvilon.
  1714 | D:3      | Found a glowing golden altar of the Shining One.
  1716 | D:3      | Found a glowing silver altar of Zin.
  2409 | D:4      | Noticed a centaur
  2410 | D:4      | Noticed a black bear
  2432 | D:4      | Slain by an orc

Illustrated notes

Levels and vault maps discovered:
D:1:      nagdon_arrival_zigzag_paths, layout_basic,
          shapermc_ecumenical_altar_mp_urbaneastern, serial_shops, shop
D:2:      layout_rooms, minmay_cut_off
D:3:      layout_rooms, good_gods_temple_1
D:4:      layout_layer_cave, minmay_bisected

Skill      XL: |  1  2  3  4 |
---------------+-------------+-----
Summonings     | 3 4 |  4.1
Dodging        | 2 |  2.6
Maces & Flails | |  0.1
Stealth        | |  1.0
Shields        | |  0.5
Spellcasting   | |  1.2

Action                   |  1- 3 |  4- 6 || total
-------------------------+-------+-------++-------
Melee: Unarmed           |    74 |       ||    74
       Whip              |    36 |       ||    36
       Dagger            |    61 |    73 ||   134
 Cast: Summon Small Mamm |     3 |     1 ||     4
       Call Imp          |       |     1 ||     1
  Use: Scroll            |     6 |     2 ||     8
       Potion            |       |     6 ||     6
 Stab: Sleeping          |     3 |     1 ||     4
       Distracted        |     1 |       ||     1
Armor: Robe              |    56 |    21 ||    77
Dodge: Dodged            |    69 |    47 ||   116
Block: Other             |    10 |    14 ||    24
